 Dungeon Crawl Stone Soup version 0.29-a0-886-gfb1a3fa8b1 (webtiles) character file.

Game seed: 298655308232173418

134 BritishOli the Ducker (level 4, 0/35 HPs)
             Began as a Demonspawn Gladiator on July 21, 2022.
             Frozen to death by an endoplasm (2 damage)
             ... on level 3 of the Dungeon.
             The game lasted 00:02:21 (2711 turns).

BritishOli the Ducker (Demonspawn Gladiator)        Turns: 2711, Time: 00:02:23

Health: 0/35       AC:  9    Str: 16    XL:     4   Next: 95%
Magic:  4/4        EV: 12    Int: 10    God:
Gold:   154        SH:  0    Dex: 14    Spells: 3/3 levels left

rFire   . . .      SeeInvis .   i - +2 short sword (flame)
rCold   . . .      Faith    .   (no shield)
rNeg    . . .      Spirit   .   m - +0 ring mail
rPois   .          Reflect  .   c - +0 helmet
rElec   .          Harm     .   q - scarf {repulsion}
rCorr   .          Rampage  .   (no gloves)
Will    .....                   (no boots)
Stlth   +.........              (no amulet)
HPRegen 0.11/turn               (no ring)
MPRegen 0.09/turn               (no ring)

@: repel missiles
A: thin metallic scales 2, weakness stinger 1
a: no special abilities


You were on level 3 of the Dungeon.
You visited 1 branch of the dungeon, and saw 3 of its levels.

You collected 154 gold pieces.

Inventory:

Hand Weapons
 a - a +0 long sword
 i - a +2 short sword of flaming (weapon)
Missiles
 d - 3 throwing nets (quivered)
 e - a javelin
Armour
 c - a +0 helmet (worn)
 m - a +0 ring mail (worn)
 n - a +0 cloak
 q - a scarf of repulsion (worn)
Scrolls
 g - a scroll of vulnerability {unknown}
 h - a scroll of teleportation {unknown}
 k - 2 scrolls of identify {unknown}
 o - a scroll of enchant weapon {unknown}
 p - a scroll of fear {unknown}
Potions
 b - a potion of flight {unknown}
 f - 2 potions of curing {unknown}
 j - a potion of resistance {unknown}
 l - a potion of attraction {unknown}


   Skills:
 + Level 3.1 Fighting
 + Level 3.4 Long Blades
 - Level 2.3 Throwing
 + Level 1.1 Armour
 + Level 3.4 Dodging


You had 3 spell levels left.
You didn't know any spells.
Your spell library contained the following spells:

 Spells                   Type           Power      Damage    Failure   Level
 Static Discharge         Conj/Air       0%         3-3/arc   73%         2
 Lightning Bolt           Conj/Air       0%         1d11      100%        5
 Maxwell's Capacitive Co  Air            0%         ∞         100%        8


Dungeon Overview and Level Annotations

Branches:
Dungeon (3/15)

Altars:
Ru

Annotations:
D:3 Ijyb


Innate Abilities, Weirdness & Mutations

You are mostly covered in thin metallic scales. (AC +3)
You have a small tail.


Message History

There are monsters nearby!
You barely miss Ijyb. You tail-slap Ijyb, but do no damage.
Ijyb hits you but does no damage.
There are monsters nearby!
You barely miss Ijyb.
Your tail-slap misses Ijyb.
Your punch misses Ijyb. Ijyb hits you but does no damage.
The kobold hits you with a +0 dagger.
There are monsters nearby!
You hit Ijyb. You burn Ijyb.
Ijyb is lightly wounded.
Ijyb zaps a wand.
Your mind is blasted!
The kobold hits you but does no damage.
There are monsters nearby!
You are too injured to fight recklessly!
There are monsters nearby!
You are too injured to fight recklessly!
There are monsters nearby!
You are too injured to fight recklessly!
There are monsters nearby!
You are too injured to fight recklessly!
You hit the endoplasm. You burn the endoplasm.
You tail-slap the endoplasm, but do no damage.
The endoplasm is heavily wounded.
Ijyb screams, "Me very upset!"
Ijyb zaps a wand.
Your mind is blasted!
* * * LOW HITPOINT WARNING * * *
The endoplasm hits you but does no damage.
The kobold barely misses you.
You completely miss the endoplasm.
The endoplasm is heavily wounded.
Ijyb closely misses you. The endoplasm freezes you.
You are frozen.
* * * LOW HITPOINT WARNING * * *
The kobold hits you but does no damage.
You hit the endoplasm. You burn the endoplasm.
The endoplasm is almost dead.
Ijyb zaps a wand.
Your mind is blasted!
* * * LOW HITPOINT WARNING * * *
The endoplasm freezes you.
You are frozen.
You die...

........#######
..............# ......
........##..#.## ......
#...........#..## ......
#..#.###..#.....##......
#....##..#####........#
#.........## #.##....>
......###..###..gK.#
...... #.†##...@J##
..... ###......#...#
##... #.........#....#
#...#...............##
..#.#..##..######......
...# ##.. ....... ...
..# ....... ## #...
....... .... .......


You could see Ijyb, an endoplasm and a kobold.

Vanquished Creatures
  Jessica (D:2)
  A gnoll (D:1)
  2 adders (D:2)
  2 worms
  4 dart slugs
  8 ball pythons
  8 endoplasms
  3 giant cockroaches
  5 goblins
  5 hobgoblins
  3 jackals (D:1)
  4 kobolds (D:1)
  2 quokkas
  7 bats
  5 frilled lizards
  6 rats
66 creatures vanquished.

Notes
Turn   | Place    | Note
-------+----------+-------------------------------------------
     0 | D:1      | BritishOli the Demonspawn Gladiator began the quest for the
                  | Orb.
     0 | D:1      | Reached XP level 1. HP: 16/16 MP: 1/1
   275 | D:1      | Gained mutation: You are partially covered in thin metallic
                  | scales. (AC +2) [demonic ancestry]
   275 | D:1      | Reached XP level 2. HP: 6/22 MP: 2/2
   819 | D:1      | Gained mutation: You are mostly covered in thin metallic
                  | scales. (AC +3) [demonic ancestry]
   819 | D:1      | Reached XP level 3. HP: 18/28 MP: 3/3
  1864 | D:2      | Noticed Jessica
  1871 | D:2      | Killed Jessica
  1872 | D:2      | Gained mutation: You have a small tail. [demonic ancestry]
  1872 | D:2      | Reached XP level 4. HP: 15/34 MP: 4/4
  2397 | D:2      | Found a sacrificial altar of Ru.
  2420 | D:2      | Reached skill level 1 in Armour
  2420 | D:2      | Found a faded altar of an unknown god.
  2697 | D:3      | Noticed Ijyb
  2711 | D:3      | Frozen to death by an endoplasm

Illustrated notes

Levels and vault maps discovered:
D:1:      arrival_zaba_pyramid, layout_basic
D:2:      minmay_angry_zag, layout_rooms, hellmonk_ecumenical_altar_lost_god,
          basic_altar, interstate_on_off, uniq_jessica
D:3:      layout_rooms, jmf_multi_god_temple2, uniq_sigmund, uniq_ijyb

Skill      XL: |  1  2  3  4 |
---------------+-------------+-----
Throwing       | 2 |  2.3
Dodging        | 3 |  3.4
Long Blades    | 3 |  3.4
Fighting       | 3 |  3.1
Armour         | 1 |  1.1

Action                   |  1- 3 |  4- 6 || total
-------------------------+-------+-------++-------
Melee: Long sword        |    92 |       ||    92
       Short sword       |    17 |    86 ||   103
       Tailslap          |       |    16 ||    16
       Punch             |       |     1 ||     1
 Stab: Sleeping          |     1 |       ||     1
Armor: Leather armour    |    46 |       ||    46
       Ring mail         |     2 |    33 ||    35
Dodge: Dodged            |    79 |    56 ||   135

Table legend: (Time is in decaauts)
 A = Elapsed time spent in this place.
 B = Non-inter-level travel time spent in this place.
 C = Inter-level travel time spent in this place.
 D = Time resting spent in this place.
 E = Time spent auto-exploring this place.
 F = Levels seen in this place.
 G = Mean time per level.
                   A        B        C        D        E       F      G
               +--------+--------+--------+--------+--------+-----+--------+
         Total |   2734 |   2668 |     66 |      0 |   2228 |   3 |  911.3 |
       Dungeon |   2734 |   2668 |     66 |      0 |   2228 |   3 |  911.3 |
               +--------+--------+--------+--------+--------+-----+--------+

Top non-repeatable levels by time:
     D:1: 1727 daAuts
     D:2: 826 daAuts
     D:3: 180 daAuts
